 Dungeon Crawl Stone Soup version 0.22.1-2-g9c5b331383 (webtiles) character file.

163 Descartes the Ruffian (level 5, -7/50 HPs)
             Began as a Troll Monk on Dec 23, 2018.
             Mangled by a gnoll
             ... wielding a +0 club of chaos
              (10 damage)
             ... on level 2 of the Dungeon.
             The game lasted 00:06:05 (1071 turns).

Descartes the Ruffian (Troll Monk)                  Turns: 1071, Time: 00:06:05

Health: -7/50      AC:  5    Str: 19    XL:     5   Next: 20%
Magic:  4/4        EV: 14    Int:  6    God:
Gold:   134        SH:  0    Dex: 13    Spells: 4/4 levels left

rFire    . . .     SeeInvis .     - Unarmed
rCold    . . .     Gourm    +   (no shield)
rNeg     . . .     Faith    .   a - +0 robe
rPois    .         Spirit   .   (helmet restricted)
rElec    .         Reflect  .   (no cloak)
rCorr    .         Harm     .   (gloves unavailable)
MR       .....     Rnd*Tele +   (boots unavailable)
Stlth    ++........             (no amulet)
HPRegen  0.56/turn              c - +3 ring of evasion
MPRegen  0.09/turn              e - ring of teleportation (curse)

@: lethally poisoned (-7 -> -8), drained
A: large, unfitting armour, claws 3, fast metabolism 3, gourmand, regeneration
1, shaggy fur 1, tough skin 2
a: no special abilities


You were on level 2 of the Dungeon.
You were very full.

You visited 1 branch of the dungeon, and saw 2 of its levels.

You collected 134 gold pieces.

Inventory:

Missiles
 h - 4 javelins (quivered)
 n - 17 arrows
 o - 14 poisoned needles
Armour
 a - a +0 robe (worn)
Jewellery
 c - a +3 ring of evasion (left claw)
 e - a cursed ring of teleportation (right claw)
Scrolls
 g - a scroll of identify
 k - a scroll of teleportation {unknown}
 l - 2 scrolls of amnesia {unknown}
 m - a scroll of remove curse {unknown}
 p - 2 scrolls of enchant weapon {unknown}
Potions
 d - 2 potions of lignification
 f - a potion of agility
 j - a potion of heal wounds
Comestibles
 b - 4 rations
 i - 5 chunks of flesh


   Skills:
 - Level 2.4(2.2) Fighting
 + Level 3.4(3.2) Dodging
 - Level 1.0(0.8) Stealth
 * Level 5.1(4.9) Unarmed Combat


You had 4 spell levels left.
You didn't know any spells.
Your spell library was empty.

Dungeon Overview and Level Annotations

Branches:
Dungeon (2/15)

Altars:


Innate Abilities, Weirdness & Mutations

You are too large for most types of armour.
You have claws for hands.
Your metabolism is lightning-fast.
You like to eat raw meat.
Your natural rate of healing is unusually fast.
You are covered in fur. (AC +1)
You have very tough skin. (AC +2)


Message History

Things that are here:
a spear of chaos; a gnoll corpse You feel sick.
The gnoll hits you with a club of chaos.
* * * LOW HITPOINT WARNING * * *
The gnoll burns you.
* * * LOW HITPOINT WARNING * * *
The kobold barely misses you.
You claw the kobold!
You kill the kobold!
You feel sick. The kobold hits you with a short sword.
* * * LOW HITPOINT WARNING * * *
The gnoll misses you.
You completely miss the gnoll. Your claw misses the gnoll.
You feel sick. The kobold misses you. The gnoll barely misses you.
You claw the gnoll!
The gnoll is severely wounded.
You feel sick. The kobold closely misses you.
The gnoll hits you but does no damage.
You are electrocuted!
You die...

######.## ##.#.≈#
#........
#.##.≈..##.⌠ #
#........
#.##...≈≈≈.# ##
#..).....
#.##≈..!.≈≈ #.#
##..#####
#..##≈#.#.....#
#..##... #...##≈#
##...# #..#....
#.##⌠####.≈≈#.#
#.......
#.##(..g#..≈.##
#..#....
...#..⌠)@.#
#..##...
#####.)†#K^.≈..#
##.###.#
##⌠#...#.≈.#
#...... #≈≈...^#⌠##
####### ##......##
#. ##≈...## #.
##################.
#...............
################


You could see a gnoll and a kobold.

Vanquished Creatures
  An orc priest (D:2)
  5 gnolls (D:2)
  An adder (D:2)
  2 worms (D:2)
  4 dart slugs (D:1)
  A leopard gecko (D:1)
  2 orcs (D:2)
  6 bats
  4 giant cockroaches
  6 goblins
  5 hobgoblins
  8 jackals
  6 kobolds
  A quokka (D:2)
  6 frilled lizards
  4 rats
62 creatures vanquished.

Notes
Turn   | Place    | Note
-------+----------+-------------------------------------------
     0 | D:1      | Descartes the Troll Monk began the quest for the Orb.
     0 | D:1      | Reached XP level 1. HP: 22/22 MP: 0/0
    61 | D:1      | Reached XP level 2. HP: 25/29 MP: 1/1
   314 | D:1      | Reached XP level 3. HP: 36/36 MP: 2/2
   327 | D:1      | Reached skill level 4 in Unarmed Combat
   698 | D:2      | Reached XP level 4. HP: 44/44 MP: 3/3
   856 | D:2      | Reached skill level 5 in Unarmed Combat
   856 | D:2      | Reached XP level 5. HP: 8/50 MP: 4/4
  1071 | D:2      | Mangled by a gnoll

Skill      XL: |  1  2  3  4 |
---------------+-------------+-----
Unarmed Combat | 4 5 |  5.1
Dodging        | 3 |  3.4
Fighting       | |  2.4
Stealth        | |  1.0

Action                   |  1- 3 |  4- 6 || total
-------------------------+-------+-------++-------
Melee: Unarmed           |    96 |    63 ||   159
       Punch             |     2 |     1 ||     3
  Use: Scroll            |       |     3 ||     3
 Stab: Sleeping          |     3 |       ||     3
  Eat: Chunk             |    12 |     3 ||    15
Armor: Robe              |    25 |    15 ||    40
Dodge: Dodged            |    43 |    68 ||   111
